 Dungeon Crawl Stone Soup version 0.28.0-53-g5a82cb258f (console) character file.

Game seed: 5797762487490114047

17978 erker the Transmogrifier (level 12, -4/63 (66) HPs)
             Began as an Octopode Earth Elementalist on July 14, 2022.
             Was an Initiate of Gozag.
             Succumbed to a meliai's poison
             ... on level 14 of the Dungeon.
             The game lasted 02:14:10 (21776 turns).

erker the Transmogrifier (OpEE)                    Turns: 21776, Time: 02:14:10

HP:   -4/63 (66)    AC:  1    Str:  9    XL:     12   Next: 53%
MP:   5/30          EV: 18    Int: 21    God:    Gozag
Gold: 715           SH:  0    Dex: 12    Spells: 10/23 levels left

rFire   . . .      SeeInvis .   a - +2 dagger (venom)
rCold   + . .      Faith    .   (no shield)
rNeg    . . .      Spirit   .   (helmet restricted)
rPois   .          Reflect  .   c - amulet of regeneration
rElec   .          Harm     .   i - ring of protection from cold
rCorr   .          Rampage  .   I - ring of magical power
Will    .....                   M - +4 ring of slaying
Stlth   ++++......              t - +4 ring of evasion
HPRegen 1.00/turn               (no ring)
MPRegen 0.22/turn               (no ring)
                                (no ring)
                                (no ring)

@: lethally poisoned (-4 -> -20), gold aura, lightly drained
A: almost no armour, amphibious, 8 rings, camouflage 1, gelatinous body 1,
(nimble swimmer 1), tentacles
a: Renounce Religion, Potion Petition, Call Merchant, Bribe Branch


You were on level 14 of the Dungeon.
You worshipped Gozag.
Gozag was pleased with you.
You visited 2 branches of the dungeon, and saw 16 of its levels.
You also visited: Sewer.

You collected 1868 gold pieces.
You spent 1105 gold pieces at shops.
You paid 48 gold pieces to Gozag.

Inventory:

Hand Weapons
 a - a +2 dagger of venom (weapon)
 g - a +0 hunting sling
 C - a +0 rapier
Missiles
 b - 178 stones
 l - 49 poisoned darts (quivered)
 x - 2 curare-tipped darts
Armour
 r - a +0 buckler
 F - an orb of light
Jewellery
 c - an amulet of regeneration (around mantle)
 i - a ring of protection from cold (left tentacle)
 q - the ring "Viniag" {rPois rF+ rN+ Int-4 Slay+3}
   (You found it on level 15 of the Dungeon)

   [ring of poison resistance]

   Int:       It affects your intelligence (-4).
   Slay:      It affects your accuracy & damage with ranged weapons and melee
   (+3).
   rF:        It protects you from fire.
   rPois:     It protects you from poison.
   rN:        It protects you from negative energy.
 t - a +4 ring of evasion (on tentacle)
 I - a ring of magical power (right tentacle)
 M - a +4 ring of slaying (on tentacle)
Wands
 d - a wand of charming (3)
 v - a wand of flame (23)
 K - a wand of paralysis (8)
 L - a wand of iceblast (20)
Scrolls
 h - a scroll of silence {unknown}
 j - 6 scrolls of amnesia
 k - 3 scrolls of holy word
 m - 3 scrolls of vulnerability
 n - 2 scrolls of enchant weapon {unknown}
 o - 2 scrolls of teleportation {unknown}
 y - a scroll of fear
 D - a scroll of enchant armour {unknown}
 G - 2 scrolls of magic mapping {unknown}
 H - a scroll of torment {unknown}
 N - a scroll of acquirement {unknown}
Potions
 e - 2 potions of curing
 f - 3 potions of might
 p - 2 potions of flight {unknown}
 u - a potion of ambrosia {unknown}
 w - 4 potions of resistance
 z - a potion of heal wounds
 A - 2 potions of haste {unknown}
 B - a potion of brilliance {unknown}
 J - 4 potions of mutation
Miscellaneous
 s - a phantom mirror
 E - a phial of floods


   Skills:
 - Level 4.0 Short Blades
 - Level 4.0 Dodging
 - Level 6.0 Stealth
 - Level 1.6 Unarmed Combat
 - Level 6.0 Spellcasting
 - Level 4.0 Hexes
 - Level 6.0 Summonings
 + Level 13.6 Transmutations
 - Level 10.0 Earth Magic


You had 10 spell levels left.
You knew the following spells:

 Your Spells              Type           Power      Damage    Failure   Level
a - Sandblast             Erth           96%        2d20      1%          1
c - Confusing Touch       Hex            23%        N/A       5%          3
d - Call Canine Familiar  Summ           31%        N/A       2%          3
p - Petrify               Tmut/Erth      54%        N/A       1%          4
w - Passwall              Tmut/Erth      45%        N/A       1%          2

Your spell library contained the following spells:

 Spells                   Type           Power      Damage    Failure   Level
 Beastly Appendage        Tmut           100%       N/A       1%          1
 Slow                     Hex            92%        N/A       1%          1
 Wereblood                Tmut           59%        N/A       1%          2
 Spider Form              Tmut/Pois      34%        N/A       1%          3
 Stone Arrow              Conj/Erth      54%        3d10      3%          3
 Ignite Poison            Fire/Tmut/Pois 25%        N/A       4%          3
 Leda's Liquefaction      Hex/Erth       17%        N/A       5%          4
 Foxfire                  Conj/Fire      24%        2x1d5     10%         1
 Freeze                   Ice            24%        1d5       10%         1
 Inner Flame              Hex/Fire       14%        N/A       13%         3
 Portal Projectile        Hex/Tloc       28%        N/A       13%         3
 Scorch                   Fire           12%        2d6       14%         2
 Sublimation of Blood     Necr           6%         N/A       14%         2
 Conjure Flame            Conj/Fire      6%         6-21      28%         3
 Frozen Ramparts          Ice            12%        1d3       28%         3
 Vampiric Draining        Necr           6%         2d6       28%         3
 Flame Wave               Conj/Fire      6%         2d5       67%         4
 Hailstorm                Conj/Ice       6%         3d4       67%         4
 Sticky Flame             Conj/Fire      6%         2d3       67%         4
 Eringya's Noxious Bog    Tmut/Pois      17%        N/A       67%         6
 Summon Cactus Giant      Summ           15%        N/A       77%         6
 Storm Form               Tmut/Air       17%        N/A       99%         7
 Dispersal                Tloc           3%         N/A       100%        6
 Summon Hydra             Summ           15%        N/A       100%        7
 Disjunction              Tloc           3%         N/A       100%        8


Dungeon Overview and Level Annotations

Branches:
Dungeon (15/15)            Temple (1/1) D:4            Lair (0/6) D:11
 Depths (0/4) D:15          Sewer (visited)
    Orc: D:9-12      Vaults: D:13-14

Altars:
Ashenzari
Cheibriados
Dithmenos
Elyvilon
Fedhas
Gozag
Hepliaklqana
Kikubaaqudgha
Makhleb
Nemelex Xobeh
Okawaru
Qazlal
Ru
Sif Muna
Trog
Uskayaw
Vehumet
Wu Jian
Xom
Yredelemnul
Zin
The Shining One

Shops:
D:1 *   D:3 *   D:6 *   D:7 =   D:9 (   D:10 !**

Annotations:
D:5 Dowan, Duvessa
D:6 1 runed translucent door, diceflayer's ghost, novice MiFi
D:7 1 runed translucent door, gaman008's ghost, novice TrWr
D:8 Harold
D:9 Erolcha !, exclusion: hornet, Erolcha
D:11 exclusions: 2 manticores and 7 more exclusions, Gastronok
D:12 exclusions: cyclops and two-headed ogre


Innate Abilities, Weirdness & Mutations

You cannot wear most types of armour.
You are amphibious.
You can wear up to eight rings at the same time.
Your skin changes colour to match your surroundings (Stealth+).
Your rubbery body absorbs attacks. (AC +1, EV +1)
((You are camouflaged when in or above water. (Stealth+)))
You have tentacles for arms and can constrict up to eight enemies at once.


Message History

The meliai struggles to resist.
Casting: Petrify (dangerous; 1% risk of failure)
Confirm with . or Enter, or press ? or * to list all spells.
Aiming: Passwall (safe; 1% risk of failure)
Press: ? - help, Dir - move target, p - meliai A rock wall.
The meliai hits your hound with a +1 hand axe of flaming.
The meliai burns your hound. The meliai misses your hound.
The meliai hits your hound with a +1 hand axe of flaming!
The meliai burns your hound.
Your hound dies!
Your hound's corpse disappears in a puff of smoke!
You begin to meditate on the wall.
You continue meditating on the rock.
The vampire mosquito buzzes angrily.
You hear an angry buzzing noise.
You continue meditating on the rock.
The meliai hits you with a +1 hand axe of flaming!
The meliai burns you. The meliai closely misses you.
You finish merging with the rock.
A meliai comes into view. It is wielding a +0 hand axe.
The meliai buzzes angrily.
Casting: Passwall (safe; 1% risk of failure)
Confirm with . or Enter, or press ? or * to list all spells.
Aiming: Passwall (safe; 1% risk of failure)
Press: ? - help, Dir - move target A rock wall.
The meliai hits you with a +0 hand axe! The meliai stings you!
* * * LOW HITPOINT WARNING * * *
The meliai is distracted by your dazzling golden aura.
You begin to meditate on the wall.
You continue meditating on the rock.
The meliai is no longer distracted by gold.
The meliai hits you with a +0 hand axe!
* * * LOW HITPOINT WARNING * * *
The meliai completely misses you. The meliai closely misses you.
The meliai stings you.
* * * LOW HITPOINT WARNING * * *
You are lethally poisoned!
The meliai poisons you!
You continue meditating on the rock.
You die...
Your body crumbles into a pile of gold.

## #.# #..........#..# .# #.#
#.#######..#..# .#######.# #.# $
#..#..# .........# #.# #.C#..#
.........# #.# #..#..#
...###############.# ..p#..#
...#≈≈)≈≈≈≈#.......##########.##
#'##≈♣♣.♣♣≈######.............###
#>.#≈♣.♣.♣≈#....@y...............
#..'..♣♣♣.≈#.....................
####≈♣.♣.♣≈#######....#.###.....#
#≈♣♣.♣♣≈#....##....#.# #....$#
#≈≈≈≈≈≈≈#..$.#######.# #.....#
#########:.(.+.y$....###....##
#.....#.......)...#....
...(.y###y###########....
......+..y#.........h....


You could see a meliai.

Vanquished Creatures
  3 boulder beetles
  2 two-headed ogres
  Pikel (D:4)
  A lindwurm (D:14)
  2 deep elf pyromancers
  An ugly thing (D:12)
  An unseen horror (D:11)
  2 kobold demonologists (D:11)
  An efreet (D:15)
  A tengu conjurer (D:14)
  3 trolls
  Grinder (D:6)
  7 slime creatures
  Prince Ribbit (D:8)
  2 wraiths
  A wyvern (D:11)
  A shadow (D:11)
  3 vampires
  4 yaks (D:9)
  9 vampire mosquitoes
  Menkaure (D:4)
  2 water moccasins
  3 orc warriors
  A hornet zombie (D:7)
  3 black bears
  3 necrophages
  An ogre (D:4)
  5 centaurs
  3 phantoms
  A lemure (D:4)
  4 kobold brigands
  2 bullfrogs (D:8)
  Blork the orc (D:4)
  2 scorpions
  A gnoll sergeant (D:10)
  A wyvern zombie (D:7)
  A water moccasin zombie (D:5)
  2 water moccasin skeletons (D:5)
  10 killer bees
  3 wights (D:6)
  8 howler monkeys
  A vampire bat (D:3)
  2 centaur zombies
  A crimson imp (D:4)
  2 jellies
  5 orc priests
  A centaur skeleton (D:3)
  3 hounds
  A bullfrog skeleton (D:4)
  A gnoll shaman (D:5)
  2 iguanas
  13 orc wizards
  A howler monkey zombie (D:9)
  13 gnolls
  8 adders
  4 shadow imps
  2 white imps (D:6)
  8 ufetubi
  An adder skeleton (D:4)
  An adder zombie (Sewer)
  3 worms
  2 dart slugs
  22 orcs
  16 bats
  A bat zombie (Sewer)
  13 endoplasms
  4 giant cockroaches
  10 goblins
  7 hobgoblins
  4 jackals (D:4)
  4 quokkas
  9 ball pythons
  2 frilled lizards
  A giant cockroach zombie (Sewer)
  22 kobolds
  3 kobold zombies (Sewer)
  7 rats
305 creatures vanquished.

Vanquished Creatures (collateral kills)
  Joseph (D:8)
  4 slime creatures
  A wraith (D:10)
  A yak (D:9)
  A black bear (D:6)
  A wight (D:6)
  A jelly (D:6)
  An orc priest (D:11)
  Jessica (D:2)
  2 orc wizards
  3 gnolls (D:10)
  A shadow imp (D:7)
  An orc (D:7)
  3 kobolds (D:11)
22 creatures vanquished.

Vanquished Creatures (others)
  2 withered plants (D:6)
2 creatures vanquished.

Grand Total: 329 creatures vanquished

Notes
Turn   | Place    | Note
-------+----------+-------------------------------------------
     0 | D:1      | erker the Octopode Earth Elementalist began the quest for
                  | the Orb.
     0 | D:1      | Reached XP level 1. HP: 11/11 MP: 3/3
     3 | D:1      | Noticed an electric eel
     4 | D:1      | Noticed an electric eel
   220 | D:1      | Found Naczasil's General Store.
   237 | D:1      | Reached XP level 2. HP: 17/17 MP: 5/5
   240 | D:1      | Learned a level 2 spell: Passwall
   306 | D:1      | Reached skill level 1 in Short Blades
   351 | D:1      | Found a faded altar of an unknown god.
   679 | D:1      | Reached XP level 3. HP: 11/21 MP: 2/6
  1405 | D:2      | Identified the +1 robe of the First Knives {Regen+}
  1895 | D:2      | Reached XP level 4. HP: 27/27 MP: 7/7
  1982 | D:2      | Noticed Jessica
  2306 | D:3      | Reached skill level 2 in Transmutations
  2310 | D:3      | Reached XP level 5. HP: 22/31 MP: 5/8
  2469 | D:3      | Reached skill level 3 in Transmutations
  2768 | D:3      | Found Deraodul's General Store.
  2848 | D:3      | Found an ancient bone altar of Kikubaaqudgha.
  4065 | D:4      | Noticed a phantom
  4179 | D:4      | Noticed a lemure
  4416 | D:4      | Noticed Pikel
  4418 | D:4      | Noticed a lemure
  4608 | D:4      | Noticed a necrophage
  4609 | D:4      | Noticed Menkaure
  4622 | D:4      | Killed a necrophage
  4623 | D:4      | Reached skill level 4 in Transmutations
  4623 | D:4      | Reached XP level 6. HP: 25/36 MP: 1/9
  4802 | D:4      | HP: 1/36 [orc/+0 dagger (3)]
  4811 | D:5      | Entered Level 5 of the Dungeon
  5010 | D:5      | Reached skill level 5 in Earth Magic
  5238 | D:5      | Learned a level 4 spell: Petrify
  5296 | D:5      | Reached XP level 7. HP: 30/41 MP: 6/10
  5351 | D:5      | Learned a level 3 spell: Call Canine Familiar
  5539 | D:5      | Reached skill level 1 in Summonings
  5561 | D:5      | Found a glowing golden altar of the Shining One.
  5562 | D:5      | Found a stormy altar of Qazlal.
  5676 | D:5      | Reached skill level 5 in Transmutations
  5733 | D:5      | Reached XP level 8. HP: 27/46 MP: 3/11
  5934 | D:5      | Noticed Duvessa
  6259 | D:4      | Noticed Blork the orc
  6332 | D:4      | Found a staircase to the Ecumenical Temple.
  6338 | Temple   | Entered the Ecumenical Temple
  6428 | Temple   | Became a worshipper of Gozag Ym Sagoz the Greedy
  6448 | D:4      | Reached skill level 6 in Transmutations
  6571 | D:4      | Found a burning altar of Makhleb.
  6571 | D:4      | Found a shimmering altar of Xom.
  6614 | D:4      | Killed Menkaure
  6747 | D:4      | Killed Pikel
  6748 | D:4      | Reached skill level 5 in Summonings
  6748 | D:4      | Reached XP level 9. HP: 51/51 MP: 10/15
  7258 | D:3      | Bought a potion of lignification for 30 gold pieces
  7751 | D:4      | Killed Blork the orc
  8429 | D:1      | Bought a scroll of blinking for 97 gold pieces
  8551 | D:2      | Killed Jessica
  8860 | D:1      | Bought a potion of might for 52 gold pieces
  8860 | D:1      | Bought a scroll of identify for 26 gold pieces
  9329 | D:5      | Noticed Dowan
  9501 | D:3      | Bought a potion of resistance for 100 gold pieces
  9826 | D:6      | Reached skill level 7 in Transmutations
  9832 | D:6      | Found a glowing drain.
  9865 | Sewer    | Entered a sewer
 10056 | Sewer    | Found an ancient bone altar of Kikubaaqudgha.
 10698 | D:6      | Noticed Grinder
 10819 | D:6      | Killed Grinder
 10820 | D:6      | Reached skill level 8 in Transmutations
 11228 | D:6      | Reached XP level 10. HP: 54/56 MP: 13/16
 11584 | D:6      | Found a runed translucent door.
 11584 | D:6      | Noticed diceflayer's ghost (novice MiFi)
 11712 | D:6      | Found Wyfes's General Store.
 12235 | D:7      | Identified the +8 quarterstaff "Doh Nyq" {flame, *Noise
                  | Drain rC++ Dex+2}
 12244 | D:7      | Found a runed translucent door.
 12246 | D:7      | Noticed a gargoyle
 12593 | D:7      | Noticed gaman008's ghost (novice TrWr)
 12832 | D:7      | Reached skill level 5 in Stealth
 12906 | D:7      | Found Suywnain's Jewellery Shoppe.
 13034 | D:7      | Bought a ring of magical power for 260 gold pieces
 13502 | D:8      | Noticed Harold
 14121 | D:8      | Noticed Joseph
 14131 | D:8      | Killed Joseph
 14320 | D:8      | Noticed Prince Ribbit
 14334 | D:8      | Killed Prince Ribbit
 14566 | D:9      | Found Kimuum's Antique Weapon Emporium.
 14630 | D:9      | Reached skill level 9 in Transmutations
 14630 | D:9      | Reached skill level 10 in Earth Magic
 15859 | D:9      | Noticed Erolcha
 15887 | D:10     | Entered Level 10 of the Dungeon
 15911 | D:10     | Reached XP level 11. HP: 31/61 MP: 17/17
 15947 | D:10     | Found Bexorgh's Changing Room.
 16029 | D:10     | Noticed a two-headed ogre
 16063 | D:10     | Found Effuwk's Distillery.
 16100 | D:10     | Reached skill level 10 in Transmutations
 16131 | D:10     | Found an iron altar of Okawaru.
 16264 | D:10     | Found Jyef's General Store.
 16486 | D:10     | Killed a two-headed ogre
 17013 | D:11     | Reached skill level 11 in Transmutations
 17081 | D:11     | Noticed a manticore
 17101 | D:11     | Noticed a boulder beetle
 17118 | D:11     | Killed a boulder beetle
 17131 | D:11     | Noticed Gastronok
 17198 | D:11     | Found a staircase to the Lair.
 17200 | D:11     | Noticed a death yak
 17489 | D:11     | Noticed a manticore
 17711 | D:11     | Noticed a death yak
 17839 | D:11     | Noticed a death yak
 18619 | D:12     | Noticed a cyclops
 18678 | D:12     | Reached skill level 12 in Transmutations
 18841 | D:12     | Noticed a boulder beetle
 18852 | D:12     | Killed a boulder beetle
 18853 | D:12     | Reached skill level 1 in Unarmed Combat
 18963 | D:10     | Bought the Compendium of Transmigration for 540 gold pieces
 19106 | D:12     | Noticed a deep elf pyromancer
 19118 | D:12     | Killed a deep elf pyromancer
 19119 | D:12     | Reached skill level 5 in Spellcasting
 19497 | D:12     | Reached XP level 12. HP: 27/66 MP: 20/20
 20278 | D:12     | Noticed a two-headed ogre
 20346 | D:13     | You fall into a shaft and drop 2 floors!
 20346 | D:15     | Entered Level 15 of the Dungeon
 20359 | D:15     | Learned a level 3 spell: Confusing Touch
 20395 | D:15     | Reached skill level 1 in Hexes
 20727 | D:15     | Noticed a boulder beetle
 20753 | D:15     | Killed a boulder beetle
 20754 | D:15     | Reached skill level 13 in Transmutations
 20917 | D:15     | Identified the ring "Viniag" {rPois rF+ rN+ Int-4 Slay+3}
 20993 | D:15     | Found a staircase to the Depths.
 20993 | D:15     | Noticed a dire elephant
 21183 | D:14     | Noticed a two-headed ogre
 21253 | D:14     | Killed a two-headed ogre
 21649 | D:14     | Identified the +1 robe of the Hanged Man {Str+3 Dex+7}
 21655 | D:14     | Noticed a boulder beetle
 21655 | D:14     | Noticed an eight-headed hydra
 21724 | D:14     | HP: 1/62 [necromancer/bolt of negative energy (32)]
 21775 | D:14     | HP: 1/63 [meliai/+0 hand axe (4)]
 21776 | D:14     | Succumbed to a meliai's poison

Illustrated notes

Levels and vault maps discovered:
D:1:      arrival_aquarium_b, layout_loops_ring,
          dreamdust_ecumenical_altar_grove, serial_shops,
          nicolae_shop_statue_plus, hangedman_decor_clover_reticule
D:2:      layout_loops_ring, uniq_jessica
D:3:      layout_loops_corners, nicolae_kikubaaqudgha_miasma_corner,
          serial_shops, shop, roderic_batcave, ebering_dispersal_statue_hall,
          minmay_distorted
D:4:      layout_basic, grunt_temple_overflow_champion_of_chaos,
          minmay_temple_entry_proselytizer, minmay_box_of_dots, uniq_menkaure,
          uniq_blork_the_orc, uniq_pikel
D:5:      layout_loops_cross, chequers_temple_overflow_statue_of_worship,
          uniq_duvessa
D:6:      layout_basic, serial_shops, nicolae_shop_hallway_stairs,
          gammafunk_ghost_grave, portal_sewer_entry_a, uniq_grinder
D:7:      layout_rooms, ebering_ghost_inner_flame, hex_medium,
          corexii_checkpoint_a, nicolae_inconvenience_store
D:8:      layout_basic, uniq_prince_ribbit1, uniq_harold, uniq_joseph
D:9:      minmay_spotlight, layout_small_grid, david_orc_4, serial_glass,
          glass_columns_c, glass_columns_a, serial_shops, shop, uniq_erolcha
D:10:     layout_long_grid, okawaru_ov_weapons_minmay, glass_columns_a,
          nicolae_transmutations_shop, nicolae_take_the_stairs,
          nicolae_stop_n_shop_2
D:11:     layout_long_grid, dpeg_lair_monsters, roderic_lattice_a,
          uniq_gastronok
D:12:     layout_loops_cross
D:13:     minmay_the_grid_triangle_9x9_recursive_2
          [minmay_the_grid_triangle_9x9_prize_top_heavy,
          minmay_the_grid_triangle_9x9_sparse_checkered,
          minmay_the_grid_triangle_9x9_stretched_checkered,
          minmay_the_grid_triangle_9x9_alien], layout_cave_pools,
          argonaut_gorgonesque
D:14:     minmay_concentric_multi, layout_basic, david_vaults_4,
          kennysheep_generic_room_9, uniq_roxanne
D:15:     hangedman_depths_entry_try_elsewhere_first, layout_stronghold,
          nicolae_benzene_ring
Temple:   compressed_dpeg_circular_temple

Skill      XL: |  1  2  3  4  5  6  7  8  9 10 11 12 |
---------------+-------------------------------------+-----
Stealth        | 3 4 6 |  6.0
Short Blades   | 1 2 3 4 |  4.0
Earth Magic    | 4 5 6 8 10 | 10.0
Transmutations | 2 4 5 6 8 9 12 13 | 13.6
Summonings     | 2 5 6 |  6.0
Spellcasting   | 4 5 6 |  6.0
Dodging        | 4 |  4.0
Unarmed Combat | 1 |  1.6
Hexes          | 4 |  4.0

Action                   |  1- 3 |  4- 6 |  7- 9 | 10-12 || total
-------------------------+-------+-------+-------+-------++-------
Melee: Dagger            |    53 |    93 |   137 |   219 ||   502
       Unarmed           |     3 |       |       |       ||     3
       Constrict         |    13 |    24 |    35 |    34 ||   106
       Tentacles         |     8 |    22 |    35 |    58 ||   123
       Punch             |     3 |     1 |     3 |     5 ||    12
Throw: Dart              |       |     2 |     8 |    12 ||    22
 Cast: Sandblast         |    15 |    31 |   130 |   141 ||   317
       Passwall          |     1 |     6 |    20 |    30 ||    57
       Petrify           |       |       |     5 |    61 ||    66
       Call Canine Famil |       |       |    17 |    53 ||    70
Evoke: Wand              |       |       |       |    18 ||    18
  Use: Potion            |       |     1 |     1 |     3 ||     5
       Scroll            |       |       |     3 |     9 ||    12
 Stab: Sleeping          |    11 |    11 |    13 |    10 ||    45
       Petrified         |       |       |    11 |    73 ||    84
       Distracted        |       |       |     1 |       ||     1
       Petrifying        |       |       |       |     2 ||     2
Armor: Skin              |     3 |    14 |    11 |    28 ||    56
Dodge: Dodged            |    22 |   102 |   103 |   133 ||   360
